Mishka, lawful female dwarven Valkyrie ---------------- --.---- |..............| ......| #...............| |.....| #|..............| |.....| #-.-------------- ......| ######### |.....| # # # #....>.| ### #------- # ### ### # # # ### # Y # --h-------------# |..............|# |..............-# |..............| ---------------- Mishka the Fighter Experience level: 6 Strength: 16 Dexterity: 15 Constitution: 20 Intelligence: 8 Wisdom: 8 Charisma: 9 Health: 0(64) Energy: 1(1) AC: 1 Gold: 450 Moves: 2523 Your Inventory: Coins $ - 450 gold pieces Weapons a - an uncursed corroded +1 long sword (weapon in hand) b - an uncursed +0 dagger (in quiver) Armor c - an uncursed +3 small shield (being worn) f - an [uncursed] +4 leather jacket (being worn) l - a [cursed +0] ornamental cope [cloak of displacement] s - an [uncursed +0] studded leather armor u - an [uncursed +0] pair of iron shoes Comestibles h - an [uncursed stale] egg o - an [uncursed] carrot v - an [uncursed] food ration Scrolls i - an [uncursed] scroll labeled YUM YUM [of teleportation] m - an [uncursed] scroll labeled GARVEN DEH [of fire] q - an [uncursed] scroll labeled FNORD [of confuse monster] r - an [uncursed] scroll labeled ASHPD [of identify] Potions n - an [uncursed] clear potion [of water] t - an [uncursed] sparkling potion [of speed] Rings p - an [uncursed] glass ring [of stealth] Wands j - an [uncursed] wand of create monster [0:11] Tools e - an [uncursed] brass lantern Spells known in the end: Name Level Category Fail Memory Your skills at the end: Fighting Skills Weapon Skills dagger [Basic / Expert] long sword [Basic / Expert] Spellcasting Skills Final Attributes: You were piously aligned. Hunger level was 653. Your alignment was 22 / 22. Monster difficulty range was 1 - 7. Level difficulty was 8. You were immune to cold. You had infravision. You were stealthy. You were held by an owlbear. Your luck was zero. You are dead. Vanquished creatures: a flaming sphere a gremlin a bugbear a rock piercer a pony a yellow light 3 elf zombies 2 kittens 2 rothes a rabid rat 4 dwarf zombies a wererat a werejackal an iguana an acid blob a coyote 3 giant rats a yellow mold a green mold 3 geckos 2 jackals 2 goblins 2 sewer rats 2 grid bugs 2 bats a lichen 3 kobold zombies 4 newts 49 creatures vanquished. Voluntary challenges: You used a wielded weapon 67 times. You read items or engraved 2 times. You put on armor 2 times. You never genocided any monsters. You never polymorphed an object. You never changed form. You used no wishes. You wrote Elbereth's name 1 time. You never encountered a bones level. You never used any Sokoban shortcuts. Dungeon overview: The Dungeons of Doom: levels 1 to 9 Level 1 some fountains a long staircase Level 2 a fountain Level 3 a sink Level 4 a general store, a fountain a long staircase Level 5 a sink Level 8 <- You were here Level 9 a scroll shop, a fountain History has recorded: On T:1 you entered the Dungeons of Doom to retrieve the Amulet of Yendor! On T:143 you reached level 2 of The Dungeons of Doom. On T:571 you advanced to experience level 2. On T:851 you reached level 3 of The Dungeons of Doom. On T:989 you advanced to experience level 3. On T:1208 you reached level 4 of The Dungeons of Doom. On T:1324 you advanced to experience level 4. On T:1556 you advanced to experience level 5. On T:1783 you reached level 5 of The Dungeons of Doom. On T:2118 you advanced to experience level 6. On T:2198 you reached level 6 of The Dungeons of Doom. On T:2294 you reached level 9 of The Dungeons of Doom. On T:2415 you reached level 8 of The Dungeons of Doom. Latest messages: The owlbear starts to attack you, but pulls back. (3x) You finish your prayer. You feel that Tyr is well-pleased. You feel much better. [HP+57=64] [3 turns] You miss the owlbear. The owlbear hits! (2x) The owlbear grabs you! [HP-16=48] You hit the owlbear. The owlbear misses. The owlbear hits! You are being crushed. [HP-13=35] You cannot escape from the owlbear! The owlbear hits! (2x) You are being crushed. [HP-17=18] You cannot escape from the owlbear! The owlbear hits! (2x) You are being crushed. You die... Final status: Farvel Mishka the Valkyrie... You died in The Dungeons of Doom on dungeon level 8 with 2259 points, and 450 pieces of gold, after 2523 moves. You were level 6 with a maximum of 64 hit points when you died.